 Dungeon Crawl Stone Soup version 0.16-a0-4078-g0e80503 (webtiles) character file.

358 Chiseanne the Ducker (level 6, -7/62 HPs)
             Began as a Troll Monk on Feb 22, 2015.
             Mangled by a wyvern (11 damage)
             ... on level 5 of the Dungeon.
             The game lasted 00:07:26 (2524 turns).

Chiseanne the Ducker (Troll Monk)                   Turns: 2524, Time: 00:07:27

Health: -7/62      AC:  5    Str: 20    XL:     6   Next: 37%
Magic:  3/3        EV: 12    Int:  7    God:
Gold:   211        SH:  0    Dex: 13    Spells: 0 memorised, 5 levels left

rFire  . . .     SeeInvis .       - Unarmed
rCold  . . .     Clarity  .     a - +0 robe
rNeg   . . .     SustAb   .     (shield restricted)
rPois  .         Gourm    +     (helmet restricted)
rElec  .         Spirit   .     (no cloak)
rCorr  .         Warding  .     (gloves unavailable)
rMut   .         Stasis   .     (boots unavailable)
MR     .....                    (no amulet)
Stlth  +.........               (no ring)
                                (no ring)

@: not resistant to hostile enchantments, very unstealthy
A: unfitting armour, claws 3, fast metabolism 3, gourmand, regeneration 2,
shaggy fur 1, tough skin 2
a: no special abilities


You were on level 5 of the Dungeon.
You were full.

You visited 1 branch of the dungeon, and saw 5 of its levels.

You collected 211 gold pieces.

Inventory:

Missiles
 h - a throwing net (quivered)
Armour
 a - a +0 robe (worn)
Jewellery
 i - an uncursed amulet of warding {unknown}
Scrolls
 d - 2 scrolls of teleportation
 e - 2 scrolls of amnesia
 f - 2 scrolls of blinking
 g - 2 scrolls of remove curse
 k - 2 scrolls of identify
 l - a scroll of recharging
Potions
 j - a potion of curing
Comestibles
 b - 3 meat rations
 c - 2 bread rations
 m - a beef jerky


   Skills:
 * Level 3.8 Fighting
 * Level 2.0 Throwing
 * Level 4.7 Dodging
 - Level 1.1 Stealth
 - Level 4.0 Unarmed Combat


You had 5 spell levels left.
You didn't know any spells.

Dungeon Overview and Level Annotations

Branches:
Dungeon (5/15)
 Temple: D:4-7

Altars:
Ashenzari
Okawaru

Annotations:
D:4 hornqvist's ghost, average GrFi


Innate Abilities, Weirdness & Mutations

You are too large for most types of armour.
You have claws for hands.
Your metabolism is lightning-fast.
You like to eat raw meat.
You heal very quickly.
You are covered in fur (AC +1).
You have very tough skin (AC +2).


Message History

You closely miss the wyvern.
The wyvern is heavily wounded.
The wyvern closely misses you.
You claw the wyvern!
The wyvern is almost dead.
The wyvern bites you!!
* * * LOW HITPOINT WARNING * * *
The wyvern bites you!
* * * LOW HITPOINT WARNING * * *
You scratch the wyvern but do no damage.
The wyvern is almost dead.
The wyvern closely misses you.
You scratch the wyvern.
The wyvern is almost dead.
The wyvern barely misses you. The wyvern bites you.
* * * LOW HITPOINT WARNING * * *
You barely miss the wyvern.
The wyvern is almost dead.
The wyvern bites you!
You die...

#......# #.# # ..
###......# #.####
#.#####........#
#.#...
#.....#.#......#
#.#.##
#.....#.######.#
#.#.##
#.....#.##### .#
#.#...
.###.....#.....#
#.####
..........#####.#
#.#
..........lD@..>##
#.#
#..###.....##....#
#.# #####.##....#
#.# #.##....# #.#
#.##....# #.#
........+ #.#
#.##....# #.#
#.##....# #.#
..##....# #.####


You could see a wyvern (bleeding) and an iguana.

Vanquished Creatures
  Grinder (D:3)
  An iguana (D:5)
  A worker ant (D:5)
  5 adders
  3 river rats (D:3)
  A giant mite (D:3)
  2 worms (D:2)
  An adder skeleton (D:5)
  An ooze (D:4)
  4 orcs (D:4)
  A ball python (D:1)
  5 giant cockroaches
  11 goblins
  7 hobgoblins
  3 jackals (D:1)
  4 quokkas
  3 bats
  3 giant geckos
  3 giant newts
  5 kobolds
  10 rats
75 creatures vanquished.

Notes
Turn   | Place    | Note
--------------------------------------------------------------
     0 | D:1      | Chiseanne, the Troll Monk, began the quest for the Orb.
     0 | D:1      | Reached XP level 1. HP: 22/22 MP: 1/1
   368 | D:1      | Reached XP level 2. HP: 29/29 MP: 1/1
   780 | D:2      | Found a shattered altar of Ashenzari.
   826 | D:2      | Found an iron altar of Okawaru.
   856 | D:2      | Reached XP level 3. HP: 29/36 MP: 2/2
  1155 | D:3      | Noticed Grinder
  1166 | D:3      | Paralysed by Grinder for 5 turns
  1178 | D:3      | Killed Grinder
  1178 | D:3      | Reached skill level 1 in Throwing
  1178 | D:3      | Reached XP level 4. HP: 13/45 MP: 2/2
  1178 | D:3      | Reached XP level 5. HP: 15/53 MP: 2/2
  1467 | D:3      | Found a shattered altar of Ashenzari.
  1529 | D:3      | Reached XP level 6. HP: 54/61 MP: 3/3
  1730 | D:3      | Found a glowing drain.
  2338 | D:4      | Noticed hornqvist's ghost (average GrFi)
  2344 | D:5      | Entered Level 5 of the Dungeon
  2508 | D:5      | Noticed a wyvern
  2524 | D:5      | Mangled by a wyvern

Action                   |  1- 3 |  4- 6 || total
-------------------------+-------+-------++-------
Melee: Unarmed           |    83 |   130 ||   213
  Use: Scroll            |     7 |     1 ||     8
       Potion            |     2 |       ||     2
  Eat: Chunk             |    16 |     9 ||    25
